AoeStats
← AiM | CanvaL

Lombardia

508507790Analyzed
4v4 RM · 10d ago on Sep 22, 2026· 51m 56s· 8 players
Game mode
Random Map
Map size
Large (8 player)
Population
200
Speed
Normal
Resources
Standard
Victory
Conquest
Starting age
Dark Age
Ending age
Imperial Age
RankedLock teamsTeams togetherTeam positionsShared explorationLock speedFull tech treeHidden civsTurbo modeCheats
Victory
Defeat
🇦🇷 Khmer · Argentina
1372
+13
🇨🇱 Vietnamese · Chile
1340
+15
🇺🇸 Hindustanis · United States
1327
+15
🇨🇱 Mongols · Chile
1207
+21
🇧🇷 Tatars · Brazil
1355
-18
🇫🇷 Saxons · France
1351
-18
🇬🇧 Spanish · United Kingdom
1302
-16
🇫🇷 Magyars · France
1221
-12
Skirm2OP
5:31 Loom
8:58 Feudal Age
9:39 Double-Bit Axe
13:03 Horse Collar
16:03 Wheelbarrow
19:53 Castle Age
18:30 Scale Barding Armor
18:36 Forging
18:47 Bloodlines
20:56 Bow Saw
20:51 Husbandry
21:14 Chain Barding Armor
26:31 Light Cavalry
29:04 Hand Cart
28:35 Town Watch
34:14 Imperial Age
33:37 Caravan
33:37 Gold Mining
34:40 Iron Casting
34:57 Heavy Camel Rider
36:58 Hussar
38:59 Plate Barding Armor
40:26 Conscription
42:30 Blast Furnace
44:40 Imperial Camel Rider
NT | MCLovin1986
5:34 Loom
11:36 Feudal Age
14:36 Castle Age
12:43 Double-Bit Axe
13:44 Horse Collar
13:57 Gold Mining
17:32 Bow Saw
20:18 Stone Mining
25:54 Wheelbarrow
25:06 Town Watch
26:20 Heavy Plow
29:24 Hand Cart
32:54 Imperial Age
31:26 Caravan
32:25 Scale Barding Armor
33:31 Chain Barding Armor
33:42 Ballistics
34:11 Conscription
33:52 Double Crossbow
33:58 Elite Ballista Elephant
35:42 Chemistry
35:52 Plate Barding Armor
35:32 Bloodlines
35:22 Husbandry
36:59 Hoardings
37:11 Fletching
38:05 Siege Engineers
38:12 Masonry
39:33 Forging
40:54 Crop Rotation
42:04 Iron Casting
41:25 Bodkin Arrow
43:03 Bracer
44:04 Blast Furnace
43:24 Padded Archer Armor
43:25 Scale Mail Armor
43:41 Devotion
45:49 Architecture
45:15 Murder Holes
45:31 Fortified Wall
46:05 Chain Mail Armor
46:05 Leather Archer Armor
49:47 Ring Archer Armor
49:46 Faith
51:27 Elite Battle Elephant
52:11 Tusk Swords
MaximoMGM
6:39 Loom
9:30 Feudal Age
14:42 Castle Age
13:29 Double-Bit Axe
13:25 Horse Collar
15:50 Bow Saw
20:43 Heavy Plow
23:11 Wheelbarrow
22:25 Town Watch
24:05 Stone Mining
25:15 Hand Cart
24:54 Gold Mining
25:11 Fletching
28:26 Stone Shaft Mining
30:52 Imperial Age
28:39 Bodkin Arrow
29:08 Masonry
31:01 Thumb Ring
31:24 Bloodlines
31:16 Husbandry
31:32 Bracer
32:34 Chemistry
31:55 Ballistics
33:15 Two-Man Saw
32:19 Caravan
32:55 Padded Archer Armor
34:00 Leather Archer Armor
33:10 Heavy Cavalry Archer
33:32 Treadmill Crane
34:48 Fortified Wall
34:20 Elite Battle Elephant
36:11 Ring Archer Armor
38:42 Scale Barding Armor
39:34 Guilds
41:01 Paper Money
42:03 Chain Barding Armor
41:58 Forging
42:21 Crop Rotation
43:56 Chatras
44:35 Hoardings
45:33 Plate Barding Armor
45:35 Iron Casting
49:44 Scale Mail Armor
50:39 Siege Engineers
50:30 Murder Holes
52:24 Coinage
AiM | CanvaL
4:49 Loom
7:56 Feudal Age
8:55 Double-Bit Axe
19:30 Castle Age
17:34 Horse Collar
17:59 Gold Mining
18:48 Fletching
18:59 Padded Archer Armor
19:19 Bloodlines
20:29 Bodkin Arrow
20:47 Husbandry
21:30 Bow Saw
21:20 Town Watch
24:26 Thumb Ring
27:56 Leather Archer Armor
29:53 Stone Mining
35:44 Imperial Age
34:59 Caravan
38:20 Bracer
39:15 Ballistics
40:48 Parthian Tactics
43:00 Murder Holes
43:47 Conscription
44:42 Heavy Plow
46:35 Wheelbarrow
47:55 Scale Barding Armor
48:01 Forging
48:36 Hand Cart
47:49 Light Cavalry
49:28 Chain Barding Armor
50:53 Chemistry
50:45 Hussar
Sahraoui
11:01 Feudal Age
12:25 Loom
19:07 Double-Bit Axe
23:47 Wheelbarrow
27:43 Castle Age
33:20 Pikeman
39:46 Fletching
39:57 Padded Archer Armor
40:17 Elite Skirmisher
44:13 Imperial Age
41:46 Bodkin Arrow
42:06 Leather Archer Armor
42:18 Ballistics
42:08 Thumb Ring
44:54 Bracer
45:56 Chemistry
45:36 Ring Archer Armor
48:37 Onager
Aiden
10:57 Feudal Age
11:24 Loom
14:45 Castle Age
13:52 Forging
14:39 Double-Bit Axe
15:47 Horse Collar
16:45 Bow Saw
16:37 Heavy Plow
17:45 Wheelbarrow
23:01 Stone Mining
23:25 Gold Mining
23:33 Town Watch
25:03 Gold Shaft Mining
27:53 Iron Casting
27:19 Scale Mail Armor
28:56 Hand Cart
29:54 Fletching
30:25 Ballistics
30:01 Murder Holes
32:08 Coinage
34:58 Imperial Age
32:46 Chain Mail Armor
33:25 Squires
33:10 Arson
35:01 Capped Ram
35:03 Elite Varangian Guard
36:14 Plate Mail Armor
35:06 Shield Wall
36:07 Conscription
37:48 Pikeman
39:16 Town Patrol
38:41 Siege Ram
41:32 Chemistry
45:31 Bodkin Arrow
45:36 Padded Archer Armor
45:30 Guard Tower
45:36 Clerical Recruitment
47:54 Onager
48:19 Halberdier
North Star
12:39 Feudal Age
14:35 Loom
18:08 Castle Age
16:32 Double-Bit Axe
16:33 Horse Collar
19:19 Bow Saw
20:27 Wheelbarrow
22:28 Town Watch
24:05 Fletching
24:54 Fervor
25:28 Ballistics
25:47 Heavy Plow
26:37 Bloodlines
27:06 Husbandry
28:36 Hand Cart
29:26 Forging
30:49 Scale Barding Armor
31:57 Iron Casting
32:33 Chain Barding Armor
37:34 Imperial Age
36:43 Masonry
36:30 Bodkin Arrow
37:59 Gold Mining
38:04 Stone Mining
37:38 Cavalier
38:55 Plate Barding Armor
39:50 Conscription
40:58 Sanctity
41:31 Architecture
42:09 Bracer
44:14 Paladin
46:39 Blast Furnace
47:58 Guilds
tchesgos
9:29 Loom
11:15 Feudal Age
15:32 Castle Age
17:09 Double-Bit Axe
18:18 Bow Saw
19:19 Horse Collar
24:51 Fletching
26:04 Wheelbarrow
26:14 Town Watch
27:04 Padded Archer Armor
28:35 Gold Mining
29:49 Bodkin Arrow
32:11 Scale Barding Armor
32:22 Leather Archer Armor
33:37 Ballistics
33:28 Masonry
37:05 Imperial Age
35:34 Silk Armor
36:51 Chain Barding Armor
36:42 Forging
36:44 Bloodlines
36:35 Husbandry
38:21 Conscription
38:09 Heavy Cavalry Archer
38:50 Bracer
39:20 Ring Archer Armor
40:15 Chemistry
40:18 Gold Shaft Mining
40:00 Hand Cart
39:25 Light Cavalry
40:20 Hussar
43:49 Plate Barding Armor
43:50 Iron Casting
44:03 Caravan
Connection lost

Rejoining the realm…

Still unreachable

The connection could not be restored.

Session expired

The server has moved on; the page needs a fresh start.